 Dungeon Crawl Stone Soup version 0.19-a0-1341-g3513869 (webtiles) character file.

524 Amnesiac the Grave Robber (level 7, -1/36 HPs)
             Began as a Deep Elf Necromancer on Sept 2, 2016.
             Slain by a phantom (9 damage)
             ... on level 5 of the Dungeon.
             The game lasted 00:03:56 (2437 turns).

Amnesiac the Grave Robber (Deep Elf Necromancer)    Turns: 2437, Time: 00:03:56

Health: -1/36      AC:  2    Str:  5    XL:     7   Next: 2%
Magic:  14/16      EV: 12    Int: 20    God:
Gold:   105        SH:  4    Dex: 17    Spells: 4 memorised, 5 levels left

rFire  . . .     SeeInvis .     h - +1 short sword (drain)
rCold  . . .     Gourm    .     a - +0 robe
rNeg   . . .     Faith    +     q - +0 buckler
rPois  .         Spirit   .     (no helmet)
rElec  .         Dismiss  .     (no cloak)
rCorr  .         Reflect  .     (no gloves)
MR     .....     Harm     .     (no boots)
Stlth  ++........               k - amulet of faith (curse)
                                (no ring)
                                (no ring)

@: no status effects
A: no striking features
a: no special abilities


You were on level 5 of the Dungeon.
You were not hungry.

You visited 1 branch of the dungeon, and saw 5 of its levels.

You collected 105 gold pieces.

Inventory:

Hand Weapons
 h - a +1 short sword of draining (weapon)
Armour
 a - a +0 robe (worn)
 q - a +0 buckler (worn)
Jewellery
 k - a cursed amulet of faith (around neck)
Scrolls
 e - a scroll of magic mapping {unknown}
 f - a scroll of teleportation {unknown}
 g - 2 scrolls of remove curse {unknown}
 j - a scroll of fear {unknown}
 l - 3 scrolls of identify {unknown}
 m - a scroll of noise {unknown}
 o - a scroll of amnesia {unknown}
 p - a scroll of fog {unknown}
Potions
 d - 2 potions of might
Books
 b - a book of Necromancy

   Spells                             Type                      Level
   a - Pain                           Necromancy                   1
   b - Animate Skeleton               Necromancy                   1
   c - Vampiric Draining              Necromancy                   3
   d - Regeneration                   Charms/Necromancy            3
   e - Animate Dead                   Necromancy                   4
   f - Control Undead                 Necromancy                   4
Comestibles
 c - 3 bread rations
 i - a beef jerky


   Skills:
 - Level 4.0 Short Blades
 - Level 2.4 Dodging
 - Level 2.4 Stealth
 + Level 1.1 Shields
 - Level 5.0 Spellcasting
 - Level 7.6 Necromancy


You had 5 spell levels left.
You knew the following spells:

 Your Spells              Type           Power        Failure   Level  Hunger
a - Control Undead        Necr           #####.....   10%         4    ####...
f - Vampiric Draining     Necr           #####.....   2%          3    ##.....
r - Regeneration          Chrm/Necr      ###.......   12%         3    ##.....
z - Pain                  Necr           ####         1%          1    None


Dungeon Overview and Level Annotations

Branches:
Dungeon (5/15)
 Temple: D:4-7

Altars:
Nemelex Xobeh


Message History

The phantom is moderately damaged.
The phantom closely misses you.
Your water moccasin skeleton bites the phantom!
You hit the phantom.
The phantom is heavily damaged.
The phantom blinks!
Your water moccasin skeleton bites the phantom!
The phantom blinks!
Your water moccasin skeleton bites the phantom!
Your water moccasin skeleton bites the phantom but does no damage.
You miss the phantom.
The phantom is severely damaged.
The phantom hits you!
* * * LOW HITPOINT WARNING * * *
Your water moccasin skeleton misses the phantom.
Unknown command.
You hit the phantom but do no damage.
The phantom is severely damaged.
The phantom hits you!
You die...

. ..
################..
+.................
#######.......#
#.......#
#...@WZ.##...
#....<.......
#............
#............
#............
#............
#.#####...... #.
...... .. ......


You could see a phantom and a friendly water moccasin skeleton.

Vanquished Creatures
  The ghost of Amnesiac the Magician, an amateur DENe (D:4)
  Blork the orc (D:4)
  A scorpion (D:4)
  A howler monkey (D:5)
  A hound (D:4)
  An iguana (D:4)
  Ijyb (D:3)
  4 worker ants
  4 adders
  An ooze (D:4)
  2 worms (D:4)
  A giant gecko (D:3)
  7 orcs
  2 giant cockroaches
  3 goblins (D:2)
  2 hobgoblins (D:2)
  A quokka (D:4)
  A giant newt (D:4)
  2 kobolds (D:2)
37 creatures vanquished.

Vanquished Creatures (collateral kills)
  A jelly (D:5)
1 creature vanquished.

Grand Total: 38 creatures vanquished

Notes
Turn   | Place    | Note
-------+----------+-------------------------------------------
     0 | D:1      | Amnesiac the Deep Elf Necromancer began the quest for the Orb.
     0 | D:1      | Reached XP level 1. HP: 10/10 MP: 6/6
    62 | D:2      | Reached skill level 5 in Necromancy
    62 | D:2      | Reached XP level 2. HP: 14/15 MP: 5/8
   613 | D:3      | Reached XP level 3. HP: 18/19 MP: 7/10
   685 | D:3      | Noticed Ijyb
   695 | D:3      | Killed Ijyb
   695 | D:3      | Reached skill level 6 in Necromancy
   702 | D:3      | Learned a level 3 spell: Vampiric Draining
   706 | D:3      | Learned a level 3 spell: Regeneration
   786 | D:4      | Noticed a scorpion
   791 | D:3      | Reached XP level 4. HP: 21/24 MP: 8/12
   829 | D:4      | Noticed Amnesiac's ghost (amateur DENe)
   846 | D:4      | HP: 1/24 [Amnesiac's ghost (1)]
   848 | D:4      | Killed Amnesiac's ghost
   848 | D:4      | Reached XP level 5. HP: 2/28 MP: 3/13
  1150 | D:4      | Found a sparkling altar of Nemelex Xobeh.
  1359 | D:4      | Reached XP level 6. HP: 22/32 MP: 4/14
  1587 | D:4      | Noticed Blork the orc
  1607 | D:4      | Killed Blork the orc
  1607 | D:4      | Reached skill level 7 in Necromancy
  1761 | D:4      | Reached skill level 5 in Spellcasting
  2082 | D:5      | Entered Level 5 of the Dungeon
  2411 | D:4      | Learned a level 4 spell: Control Undead
  2417 | D:5      | Reached skill level 1 in Shields
  2417 | D:5      | Reached XP level 7. HP: 22/36 MP: 11/16
  2437 | D:5      | Slain by a phantom

Vault maps used:
D:1:      onia_arrival_mini_spirals, serial_park_tiny_pond
D:2:      patterned_corridor
D:3:      lemuel_round_altar, lemuel_crystal_altar, first_bread,
          minmay_misc_feat_more_columns, uniq_iyjb, uniq_sigmund
D:4:      nicolae_overflow_crystal_walls, uniq_blork_the_orc
D:5:      lemuel_crystal_altar, kennysheep_mini_moat,
          gammafunk_temple_overflow_forgotten, lemuel_round_altar,
          uniq_prince_ribbit1

Skill      XL: |  1  2  3  4  5  6 |
---------------+-------------------+-----
Necromancy     | 5 6 7 |  7.6
Spellcasting   | 4 5 |  5.0
Short Blades   | 3 4 |  4.0
Shields        | 1 |  1.1
Dodging        | |  2.4
Stealth        | |  2.4

Action                   |  1- 3 |  4- 6 |  7- 9 || total
-------------------------+-------+-------+-------++-------
Melee: Short sword       |       |    14 |     8 ||    22
 Cast: Pain              |    36 |    46 |       ||    82
       Vampiric Draining |       |     8 |       ||     8
       Control Undead    |       |     1 |       ||     1
  Use: Potion            |       |     1 |       ||     1
 Stab: Sleeping          |       |     1 |       ||     1
  Eat: Chunk             |       |     5 |       ||     5
Armor: Robe              |       |     2 |     1 ||     3
Dodge: Dodged            |     1 |    23 |     3 ||    27
